Kradschützen Motorcycle Team
Construct Light Support Kompanie
Selects Defensive Operations
Kradschützen Motorcycle Team
Pak 38 Anti-tank Gun Team
Construct Mechanized Kompanie
le.IG 18 Support Gun Team
Selects Registered Artillery
le.IG 18 Support Gun Team
Pak 38 Anti-tank Gun Team
Construct Panzerarmee Kommand
Selects Towed Cannone da 105/28 Field Howitzer
Selects Prepared Positions
Towed Cannone da 105/28 Field Howitzer
18-tonne Recovery Half-track
254 Reconnaissance Tractor
Towed Cannone da 105/28 Field Howitzer
Pak 38 Anti-tank Gun Team
Selects Obice 305mm Barrage